 Dungeon Crawl Stone Soup version 0.28.0-49-g6dfe1f597d (webtiles) character file.

Game seed: 8852958439668562443

115 issech the Covert (level 5, 0/43 HPs)
             Began as a Gnoll Wanderer on May 19, 2022.
             Slain by Grinder (5 damage)
             ... on level 3 of the Dungeon.
             The game lasted 00:09:18 (2599 turns).

issech the Covert (Gnoll Wanderer)                  Turns: 2599, Time: 00:09:19

Health: 0/43       AC:  3    Str: 10    XL:     5   Next: 0%
Magic:  6/6        EV: 11    Int:  7    God:
Gold:   80         SH:  5    Dex: 19    Spells: 6/6 levels left

rFire   . . .      SeeInvis .   p - +0 whip (vamp)
rCold   . . .      Faith    .   e - +0 buckler
rNeg    . . .      Spirit   .   f - +0 leather armour
rPois   .          Reflect  .   (no helmet)
rElec   .          Harm     .   (no cloak)
rCorr   .          Rampage  .   (no gloves)
Will    .....                   (no boots)
Stlth   ++++......              (no amulet)
HPRegen 0.14/turn               (no ring)
MPRegen 0.10/turn               (no ring)

@: no status effects
A: fangs 1, strong nose, distributed training
a: no special abilities


You were on level 3 of the Dungeon.
You visited 1 branch of the dungeon, and saw 4 of its levels.

You collected 80 gold pieces.

Inventory:

Hand Weapons
 a - a +0 dagger
 l - a +0 short sword
 m - a +0 whip
 p - a +0 vampiric whip (weapon)
 q - a +0 hand axe
Missiles
 g - 27 stones (quivered)
 n - 40 arrows
 r - 6 poisoned darts
Armour
 e - a +0 buckler (worn)
 f - a +0 leather armour (worn)
Scrolls
 d - a scroll of fog
 j - a scroll of silence {unknown}
 k - 4 scrolls of identify {unknown}
 o - 2 scrolls of teleportation {unknown}
Potions
 h - a potion of curing {unknown}
 i - 2 potions of might {unknown}
 s - a potion of mutation {unknown}


   Skills:
 + Level 4.7 Fighting
 + Level 1.3 Short Blades
 + Level 1.3 Long Blades
 + Level 1.3 Axes
 + Level 1.3 Maces & Flails
 + Level 1.3 Polearms
 + Level 1.3 Staves
 + Level 1.3 Slings
 + Level 1.3 Bows
 + Level 1.3 Crossbows
 + Level 1.3 Throwing
 + Level 2.8 Armour
 + Level 1.3 Dodging
 + Level 9.6 Stealth
 + Level 2.8 Shields
 + Level 2.8 Unarmed Combat
 + Level 1.3 Spellcasting
 + Level 1.0 Conjurations
 + Level 1.0 Hexes
 + Level 1.0 Summonings
 + Level 1.0 Necromancy
 + Level 1.0 Translocations
 + Level 1.0 Transmutations
 + Level 1.0 Fire Magic
 + Level 1.0 Ice Magic
 + Level 1.0 Air Magic
 + Level 1.0 Earth Magic
 + Level 1.0 Poison Magic
 + Level 1.4 Invocations
 + Level 1.3 Evocations


You had 6 spell levels left.
You didn't know any spells.
Your spell library contained the following spells:

 Spells                   Type           Power      Damage    Failure   Level
 Static Discharge         Conj/Air       1%         N/A       58%         2
 Lightning Bolt           Conj/Air       0%         1d11      100%        5
 Maxwell's Capacitive Co  Air            0%         ∞         100%        8


Dungeon Overview and Level Annotations

Branches:
Dungeon (4/15)
 Temple: D:4-7

Altars:

Annotations:
D:3 Grinder


Innate Abilities, Weirdness & Mutations

You have very sharp teeth.
Your uncanny sense of smell can sniff out nearby items.
Your experience applies equally to all skills.


Message History

You have reached level 5!
You see here a hobgoblin corpse.
You see here a +0 club.
There is an escape hatch in the ceiling here.
No target in view!
Grinder shouts!
Grinder blinks!
You throw an atropa-tipped dart. The atropa-tipped dart hits Grinder.
Grinder appears confused.
Grinder seems less confused.
Grinder hits you.
You writhe in agony.
You hit Grinder.
Grinder is lightly wounded.
Grinder gestures at you.
You suddenly lose the ability to move!
Grinder is no longer blind.
Grinder hits you.
You writhe in agony.
Grinder gestures at you.
You barely resist.
Grinder blinks!
You can move again.
You throw an atropa-tipped dart.
The atropa-tipped dart barely misses Grinder.
You throw a datura-tipped dart. The datura-tipped dart hits Grinder.
Grinder flies into a frenzy!
You hit Grinder.
Grinder is lightly wounded.
Grinder hits you. Grinder barely misses you.
You closely miss Grinder.
Grinder is lightly wounded.
Grinder hits you!
* * * LOW HITPOINT WARNING * * *
You writhe in agony.
* * * LOW HITPOINT WARNING * * *
Grinder closely misses you.
You hit Grinder.
Grinder is lightly wounded.
Grinder hits you.
* * * LOW HITPOINT WARNING * * *
You writhe in agony.
You die...

..####...##########.# #.###.##
..# ##.## #.# #.# #.# ..# #.#
#.#####.###.# ..# #.#
#...........# .## #.#
##########.#####
..#####.########........#.#
................(..# #.#.#
..#####.##.........# #.#.# .##
#.##.#####@#.####.#†# .#
#......###5#.##...#.## .#
#............##.##...#### .#
#.......................# .#
##...............#...##.# ##
#...............##.###.#
###....................#
##########................###.#
.....)..##..............### #.#


You could see the neutral Grinder (fast, strong, insane).

Vanquished Creatures
  A bullfrog skeleton (D:2)
  3 adders
  A worm (D:3)
  A dart slug (D:2)
  2 orcs (D:3)
  6 endoplasms
  2 giant cockroaches (D:3)
  5 goblins
  4 hobgoblins
  3 jackals (D:4)
  4 quokkas
  2 ball pythons
  5 bats
  4 frilled lizards
  6 kobolds
  2 rats (D:2)
51 creatures vanquished.

Vanquished Creatures (others)
  2 plants (D:2)
2 creatures vanquished.

Grand Total: 53 creatures vanquished

Notes
Turn   | Place    | Note
-------+----------+-------------------------------------------
     0 | D:1      | Reached skill level 9 in Stealth
     0 | D:1      | issech the Gnoll Wanderer began the quest for the Orb.
     0 | D:1      | issech set off with the following items: a +0 dagger, 2
                  | atropa-tipped darts, a datura-tipped dart, a scroll of fog,
                  | a +0 buckler, a +0 leather armour
     0 | D:1      | Reached XP level 1. HP: 20/20 MP: 1/1
   413 | D:1      | Reached XP level 2. HP: 26/26 MP: 2/2
   731 | D:2      | Reached skill level 1 in Invocations
   731 | D:2      | Reached XP level 3. HP: 25/31 MP: 2/4
   930 | D:2      | Reached skill level 1 in Short Blades
   930 | D:2      | Reached skill level 1 in Long Blades
   930 | D:2      | Reached skill level 1 in Axes
   930 | D:2      | Reached skill level 1 in Maces & Flails
   930 | D:2      | Reached skill level 1 in Polearms
   930 | D:2      | Reached skill level 1 in Staves
   930 | D:2      | Reached skill level 1 in Slings
   930 | D:2      | Reached skill level 1 in Bows
   930 | D:2      | Reached skill level 1 in Crossbows
   930 | D:2      | Reached skill level 1 in Throwing
   930 | D:2      | Reached skill level 1 in Dodging
   930 | D:2      | Reached skill level 1 in Spellcasting
   930 | D:2      | Reached skill level 1 in Evocations
   930 | D:2      | Reached XP level 4. HP: 38/38 MP: 5/5
  1376 | D:2      | Found a faded altar of an unknown god.
  1696 | D:3      | Reached skill level 1 in Conjurations
  1696 | D:3      | Reached skill level 1 in Hexes
  1696 | D:3      | Reached skill level 1 in Summonings
  1696 | D:3      | Reached skill level 1 in Necromancy
  1696 | D:3      | Reached skill level 1 in Translocations
  1696 | D:3      | Reached skill level 1 in Transmutations
  1696 | D:3      | Reached skill level 1 in Fire Magic
  1696 | D:3      | Reached skill level 1 in Ice Magic
  1696 | D:3      | Reached skill level 1 in Air Magic
  1696 | D:3      | Reached skill level 1 in Earth Magic
  1696 | D:3      | Reached skill level 1 in Poison Magic
  1876 | D:3      | Noticed Grinder
  2527 | D:3      | Reached XP level 5. HP: 42/43 MP: 6/6
  2590 | D:3      | Paralysed by Grinder for 4 turns
  2599 | D:3      | Slain by Grinder

Illustrated notes

Levels and vault maps discovered:
D:1:      minmay_arrival_open_corners, layout_basic, minmay_misc_feat_columns
D:2:      layout_loops_ring, dreamdust_ecumenical_altar_hidden_monk_grotto
D:3:      layout_loops_ring, uniq_grinder
D:4:      minmay_razor_zed, layout_rooms, mainiacjoe_overflow_cross_hatched,
          mainiacjoe_overflow_boulevard, serial_bayou_pond_a,
          minmay_fractal_squares_gapless_5, uniq_sigmund, uniq_pargi

Skill      XL: |  1  2  3  4 |
---------------+-------------+-----
Stealth        | |  9.6
Invocations    | 1 |  1.4
Short Blades   | 1 |  1.3
Long Blades    | 1 |  1.3
Axes           | 1 |  1.3
Maces & Flails | 1 |  1.3
Polearms       | 1 |  1.3
Staves         | 1 |  1.3
Slings         | 1 |  1.3
Bows           | 1 |  1.3
Crossbows      | 1 |  1.3
Throwing       | 1 |  1.3
Dodging        | 1 |  1.3
Spellcasting   | 1 |  1.3
Evocations     | 1 |  1.3
Conjurations   | 1 |  1.0
Hexes          | 1 |  1.0
Summonings     | 1 |  1.0
Necromancy     | 1 |  1.0
Translocations | 1 |  1.0
Transmutations | 1 |  1.0
Fire Magic     | 1 |  1.0
Ice Magic      | 1 |  1.0
Air Magic      | 1 |  1.0
Earth Magic    | 1 |  1.0
Poison Magic   | 1 |  1.0
Fighting       | |  4.7
Armour         | |  2.8
Shields        | |  2.8
Unarmed Combat | |  2.8

Action                   |  1- 3 |  4- 6 || total
-------------------------+-------+-------++-------
Melee: Dagger            |    18 |       ||    18
       Short sword       |    23 |    59 ||    82
       Bite              |     3 |    12 ||    15
       Whip              |       |    50 ||    50
Throw: Boomerang         |    31 |     3 ||    34
       Dart              |       |     7 ||     7
 Stab: Sleeping          |     1 |    11 ||    12
Armor: Leather armour    |    11 |    20 ||    31
Dodge: Dodged            |    18 |    39 ||    57
Block: Buckler           |     8 |    22 ||    30
